 Dungeon Crawl Stone Soup version 0.27-a0-40-g5f2be0e231 (webtiles) character file.

Game seed: 16809702762313011695

36891 robertstho the Frost Mage (level 13, -1/99 HPs)
             Began as a Gnoll Ice Elementalist on Jan 5, 2021.
             Was a High Priest of Sif Muna.
             Slain by an elephant (15 damage)
             ... on level 6 of the Lair of Beasts.
             The game lasted 00:46:24 (22866 turns).

robertstho the Frost Mage (Gnoll Ice Elementalist) Turns: 22866, Time: 00:46:24

Health: -1/99      AC: 15    Str: 16    XL:     13   Next: 93%
Magic:  18/27      EV: 18    Int: 28    God:    Sif Muna [*****.]
Gold:   914        SH:  0    Dex: 15    Spells: 10/32 levels left

rFire    + . .     SeeInvis .   X - +0 glaive (flame)
rCold    . . .     Faith    .   (shield currently unavailable)
rNeg     . . .     Spirit   .   N - +4 leather armour "Umuac" {Str+4}
rPois    +         Reflect  .   L - +1 hat
rElec    .         Harm     .   d - +2 cloak {rPois}
rCorr    .         Rampage  .   j - +0 pair of gloves {archery}
Will     .....                  m - +0 pair of boots
Stlth    ++++......             (no amulet)
HPRegen  0.26/turn              n - +6 ring of intelligence
MPRegen  0.20/turn              a - ring of protection from fire

@: no status effects
A: distributed training, fangs 1, strong nose
a: Renounce Religion, Channel Magic, Forget Spell, Divine Exegesis


You were on level 6 of the Lair of Beasts.
You worshipped Sif Muna.
Sif Muna was extremely pleased with you.
You visited 3 branches of the dungeon, and saw 19 of its levels.
You also visited: Ossuary and Volcano.

You collected 1394 gold pieces.
You spent 480 gold pieces at shops.

Inventory:

Hand Weapons
 k - a +0 longbow
 t - a +3 trident of venom
 y - a +2 arbalest of flaming
 R - a +2 broad axe of flaming
 X - a +0 glaive of flaming (weapon)
Missiles
 u - 121 poisoned darts
 v - 633 stones
 w - 150 sling bullets
 z - 449 arrows
 A - 212 bolts
 K - 7 curare-tipped darts
Armour
 d - a +2 cloak of poison resistance (worn)
 j - a +0 pair of gloves of archery (worn)
 m - a +0 pair of boots (worn)
 H - a +1 kite shield of fire resistance
 L - a +1 hat (worn)
 N - the +4 leather armour "Umuac" (worn) {Str+4}
   (You found it on level 7 of the Dungeon)

   It affects your strength (+4).
 Z - a +1 leather armour of fire resistance
Jewellery
 a - a ring of protection from fire (right hand)
 n - a +6 ring of intelligence (left hand)
 p - an uncursed ring of positive energy
 x - a +6 ring of dexterity
 B - a +4 ring of evasion
 Q - an uncursed ring of positive energy
Wands
 P - a wand of digging (10)
 W - a wand of iceblast (7)
Scrolls
 e - 11 scrolls of teleportation
 f - a scroll of blinking
 g - 18 scrolls of remove curse
 h - 3 scrolls of enchant weapon
 i - 2 scrolls of magic mapping
 q - 6 scrolls of amnesia {unknown}
 D - 3 scrolls of noise {unknown}
 F - 2 scrolls of immolation {unknown}
 G - 4 scrolls of fog
 I - 2 scrolls of identify
 U - a scroll of brand weapon {unknown}
 V - a scroll of enchant armour {unknown}
Potions
 c - 3 potions of might {unknown}
 l - 7 potions of haste
 o - a potion of magic
 r - 4 potions of mutation
 s - 5 potions of brilliance
 C - a potion of curing
 E - 2 potions of flight
 M - 9 potions of ambrosia
 S - 2 potions of invisibility
 T - 4 potions of berserk rage
 Y - 2 potions of cancellation
Miscellaneous
 O - a condenser vane


   Skills:
 + Level 8.7 Fighting
 + Level 8.7 Short Blades
 + Level 8.7 Long Blades
 + Level 8.7 Axes
 + Level 8.7 Maces & Flails
 + Level 8.7 Polearms
 + Level 8.7 Staves
 + Level 8.7 Slings
 + Level 8.7 Bows
 + Level 8.7 Crossbows
 + Level 8.7 Throwing
 + Level 8.7 Armour
 + Level 9.9 Dodging
 + Level 9.7 Stealth
 + Level 8.7 Shields
 + Level 8.7 Unarmed Combat
 + Level 10.0 Spellcasting
 + Level 7.2 Conjurations
 + Level 7.2 Hexes
 + Level 7.2 Summonings
 + Level 7.2 Necromancy
 + Level 7.2 Translocations
 + Level 7.2 Transmutations
 + Level 7.2 Fire Magic
 + Level 10.2 Ice Magic
 + Level 7.2 Air Magic
 + Level 7.2 Earth Magic
 + Level 7.2 Poison Magic
 + Level 9.5 Invocations
 + Level 8.7 Evocations


You had 10 spell levels left.
You knew the following spells:

 Your Spells              Type           Power        Failure   Level
a - Freeze                Ice            100%         1%          1
b - Frozen Ramparts       Ice            100%         1%          3
c - Ozocubu's Armour      Ice            63%          1%          3
d - Hailstorm             Conj/Ice       58%          1%          4
e - Summon Ice Beast      Ice/Summ       58%          1%          4
f - Swiftness             Air            53%          1%          2
g - Apportation           Tloc           100%         1%          1
h - Airstrike             Air            26%          2%          4

Your spell library contained the following spells:

 Spells                   Type           Power        Failure   Level
 Beastly Appendage        Tmut           100%         1%          1
 Magic Dart               Conj           100%         1%          1
 Pain                     Necr           100%         1%          1
 Shock                    Conj/Air       100%         1%          1
 Sting                    Tmut/Pois      100%         1%          1
 Passwall                 Tmut/Erth      44%          1%          2
 Wereblood                Tmut           53%          1%          2
 Ignite Poison            Fire/Tmut/Pois 53%          1%          3
 Lesser Beckoning         Tloc           26%          1%          3
 Spider Form              Tmut/Pois      26%          1%          3
 Static Discharge         Conj/Air       53%          1%          3
 Tukima's Dance           Hex            53%          1%          3
 Ice Form                 Ice/Tmut       58%          1%          4
 Leda's Liquefaction      Hex/Erth       26%          2%          4
 Olgreb's Toxic Radiance  Pois           53%          2%          4
 Alistair's Intoxication  Tmut/Pois      35%          7%          5
 Blade Hands              Tmut           26%          7%          5
 Bolt of Magma            Conj/Fire/Erth 26%          7%          5
 Borgnjor's Vile Clutch   Necr/Erth      26%          7%          5
 Excruciating Wounds      Necr           26%          7%          5
 Irradiate                Conj/Tmut      26%          7%          5
 Lightning Bolt           Conj/Air       26%          7%          5
 Simulacrum               Ice/Necr       29%          21%         6
 Eringya's Noxious Bog    Tmut/Pois      26%          36%         6
 Invisibility             Hex            53%          36%         6
 Iron Shot                Conj/Erth      26%          36%         6
 Statue Form              Tmut/Erth      35%          36%         6
 Shatter                  Erth           26%          100%        9


Dungeon Overview and Level Annotations

Branches:
Dungeon (12/15)            Temple (1/1) D:6            Lair (6/6) D:11
  Swamp (0/4) Lair:2        Snake (0/4) Lair:3        Slime (0/5) Lair:5
    Orc (0/2) D:10        Ossuary (visited)         Volcano (visited)

Altars:
Ashenzari
Cheibriados
Dithmenos
Elyvilon
Fedhas
Gozag
Hepliaklqana
Kikubaaqudgha
Makhleb
Nemelex Xobeh
Okawaru
Qazlal
Ru
Sif Muna
Trog
Zin
The Shining One
Beogh
Jiyva
Lugonu

Shops:
D:12 [

Portals:
Abyss: D:6

Annotations:
D:10 2 runed translucent doors
D:11 1 runed translucent door


Innate Abilities, Weirdness & Mutations

Your experience applies equally to all skills.
You have very sharp teeth.
Your uncanny sense of smell can sniff out nearby items.


Message History

* * * LOW HITPOINT WARNING * * *
You hold your ground!
The elephant misses you.
Your ice beast hits the elephant but does no damage.
Unknown command.
Your ice beast hits the elephant.
Your ice beast freezes the elephant!!
You hit the elephant but do no damage.
You bite the elephant, but do no damage.
The elephant is heavily wounded.
The elephant completely misses you.
The elephant trunk-slaps you but does no damage.
Your ice beast hits the elephant but does no damage. x2
Unknown command.
You feel better. The elephant closely misses you.
The elephant trunk-slaps you but does no damage.
Your ice beast hits the elephant but does no damage. x2
Unknown command.
You hit the elephant but do no damage.
The elephant is heavily wounded.
The elephant tramples you!
You die...

...............#
### #.
#..........[..#
#.
#.....)...####
## ..
#..........# ###
... #....#.#.##
#.. ....
#P....#### #.#
..#.####....P#
##.
...........Y##
#. .........YY@#
#. ...........##
##
.PP....†#######
.P..P#..##...P#
...P..#.......#
.......#......#
....##........#
.... #..#.....#
... ##. .#####


You could see an elephant and 2 friendly ice beasts.

Vanquished Creatures
  2 catoblepae (Lair:6)
  2 hydras
  A centaur warrior (Volcano)
  3 two-headed ogres
  A hell knight (Volcano)
  An ugly thing (D:12)
  A salamander (shapeshifter) (D:10)
  A cyclops (D:12)
  7 elephants
  9 cane toads
  Joseph (Lair:1)
  3 torpor snails (Lair:3)
  2 rime drakes (Lair:4)
  4 yaktaurs (Volcano)
  6 komodo dragons
  2 polar bears (Lair:4)
  2 trolls
  A queen bee (Lair:1)
  2 slime creatures
  5 blink frogs
  Sigmund (D:2)
  A wyvern (Lair:3)
  30 yaks
  A basilisk (Lair:4)
  Grum (D:10)
  2 vampire mosquitoes (D:12)
  6 nagas (Lair:3)
  6 water moccasins
  9 orc warriors
  3 ice beasts
  2 black bears (D:12)
  4 sky beasts
  2 ogres
  13 wolves
  11 centaurs
  3 big kobolds
  10 bullfrogs
  A wyvern skeleton (D:11)
  5 scorpions
  26 killer bees
  A nameless horror (Ossuary)
  3 vampire bats (Lair:3)
  8 wights
  An electric eel (Lair:2)
  A howler monkey (D:5)
  2 centaur zombies
  2 jellies
  A bullfrog zombie (D:12)
  6 hounds
  6 orc priests
  2 centaur skeletons
  2 bullfrog skeletons
  12 orc wizards
  Jessica (D:2)
  3 iguanas
  7 worker ants
  2 big kobold zombies (Ossuary)
  A hound zombie (D:5)
  A hound skeleton (D:9)
  2 mummies
  Robin (D:1)
  4 gnolls (D:11)
  13 adders
  3 shadow imps
  2 white imps
  An ufetubus (D:5)
  3 oozes
  2 adder zombies
  4 adder skeletons
  3 worms
  2 dart slugs
  6 leopard geckos
  47 orcs
  4 giant cockroaches
  23 goblins
  13 hobgoblins
  14 jackals
  2 quokkas (D:7)
  2 ball pythons
  14 bats
  2 frilled lizards (D:1)
  2 goblin zombies (Ossuary)
  6 hobgoblin zombies (Ossuary)
  2 jackal zombies (Ossuary)
  18 kobolds
  4 kobold zombies (Ossuary)
  4 orc zombies (Ossuary)
  9 rats
  3 rat zombies (Ossuary)
  A lurking horror (D:6)
471 creatures vanquished.

Vanquished Creatures (collateral kills)
  A hydra (Lair:2)
  A bog body (Lair:2)
  An unseen horror (D:11)
  2 manticores
  3 elephants
  A cane toad (Lair:1)
  A komodo dragon (Lair:1)
  3 blink frogs (Lair:2)
  2 slime creatures (D:12)
  6 yaks
  3 fire bats (Lair:3)
  A basilisk (Lair:2)
  A vampire mosquito (D:12)
  A warg (D:10)
  2 water moccasins (Lair:2)
  2 orc warriors
  An eye of draining (D:12)
  A sky beast (D:12)
  A phantom (D:10)
  A centaur (D:12)
  An elf zombie (Ossuary)
  2 bullfrogs
  8 killer bees (Lair:1)
  A wight (D:6)
  3 orc wizards
  2 iguanas
  2 worker ants (D:12)
  A mummy (Ossuary)
  An adder (D:12)
  13 orcs
  2 kobolds (D:11)
  6 hobgoblin zombies (Ossuary)
  3 kobold zombies (Ossuary)
  3 orc zombies (Ossuary)
83 creatures vanquished.

Vanquished Creatures (others)
  A yak (Lair:6)
  2 bushes
  21 fungi
  44 plants
68 creatures vanquished.

Grand Total: 622 creatures vanquished

Notes
Turn   | Place    | Note
-------+----------+-------------------------------------------
     0 | D:1      | robertstho the Gnoll Ice Elementalist began the quest for
                  | the Orb.
     0 | D:1      | Reached XP level 1. HP: 13/13 MP: 6/6
   351 | D:1      | Reached XP level 2. HP: 19/19 MP: 4/7
   803 | D:1      | Reached XP level 3. HP: 23/25 MP: 9/9
   805 | D:1      | Reached skill level 5 in Spellcasting
   814 | D:1      | Learned a level 3 spell: Frozen Ramparts
   818 | D:1      | Learned a level 3 spell: Ozocubu's Armour
  1426 | D:2      | Noticed Robin
  1432 | D:2      | Reached skill level 1 in Invocations
  1436 | D:2      | Reached skill level 1 in Fighting
  1436 | D:2      | Reached skill level 1 in Short Blades
  1436 | D:2      | Reached skill level 1 in Long Blades
  1436 | D:2      | Reached skill level 1 in Axes
  1436 | D:2      | Reached skill level 1 in Maces & Flails
  1436 | D:2      | Reached skill level 1 in Polearms
  1436 | D:2      | Reached skill level 1 in Staves
  1436 | D:2      | Reached skill level 1 in Slings
  1436 | D:2      | Reached skill level 1 in Bows
  1436 | D:2      | Reached skill level 1 in Crossbows
  1436 | D:2      | Reached skill level 1 in Throwing
  1436 | D:2      | Reached skill level 1 in Armour
  1436 | D:2      | Reached skill level 1 in Shields
  1436 | D:2      | Reached skill level 1 in Unarmed Combat
  1436 | D:2      | Reached skill level 1 in Evocations
  1438 | D:2      | Reached XP level 4. HP: 15/32 MP: 0/11
  1461 | D:1      | Killed Robin
  1626 | D:2      | Noticed Sigmund
  1643 | D:2      | Killed Sigmund
  1644 | D:2      | Reached skill level 1 in Conjurations
  1644 | D:2      | Reached skill level 1 in Hexes
  1644 | D:2      | Reached skill level 1 in Summonings
  1644 | D:2      | Reached skill level 1 in Necromancy
  1644 | D:2      | Reached skill level 1 in Translocations
  1644 | D:2      | Reached skill level 1 in Transmutations
  1644 | D:2      | Reached skill level 1 in Fire Magic
  1644 | D:2      | Reached skill level 1 in Air Magic
  1644 | D:2      | Reached skill level 1 in Earth Magic
  1644 | D:2      | Reached skill level 1 in Poison Magic
  1644 | D:2      | Reached XP level 5. HP: 11/38 MP: 3/12
  1644 | D:2      | Reached XP level 6. HP: 13/44 MP: 3/13
  1889 | D:2      | Noticed Jessica
  1898 | D:2      | Killed Jessica
  1952 | D:2      | Reached skill level 5 in Dodging
  3014 | D:3      | Learned a level 4 spell: Hailstorm
  3177 | D:3      | Reached XP level 7. HP: 50/50 MP: 15/15
  3332 | D:2      | Learned a level 4 spell: Summon Ice Beast
  3868 | D:4      | Found a stormy altar of Qazlal.
  3868 | D:4      | Found a shadowy altar of Dithmenos.
  4031 | D:5      | Entered Level 5 of the Dungeon
  4132 | D:5      | Reached skill level 5 in Stealth
  4599 | D:5      | Reached XP level 8. HP: 26/57 MP: 12/16
  5320 | D:6      | Found a corrupted altar of Lugonu.
  5322 | D:6      | Found a one-way gate to the infinite horrors of the Abyss.
  5960 | D:6      | Found a staircase to the Ecumenical Temple.
  6077 | Temple   | Entered the Ecumenical Temple
  6167 | Temple   | Became a worshipper of Sif Muna the Loreminder
  6528 | D:6      | Found a broken altar of Ashenzari.
  6941 | D:7      | Reached XP level 9. HP: 65/65 MP: 14/18
  7442 | D:7      | Found a runed translucent door.
  7723 | D:7      | Reached * piety under Sif Muna
  7953 | D:7      | Found a roughly hewn altar of Beogh.
  7961 | D:7      | Got an ancient leather armour
  7977 | D:7      | Identified the +4 leather armour "Umuac" {Str+4} (You found
                  | it on level 7 of the Dungeon)
  8070 | D:8      | Found a sand-covered staircase.
  8082 | Ossuary  | Entered an ossuary
  8379 | Ossuary  | Reached ** piety under Sif Muna
  8703 | D:8      | Reached skill level 5 in Invocations
  8799 | D:8      | Found a white marble altar of Elyvilon.
  8830 | D:8      | Found a sparkling altar of Nemelex Xobeh.
  9307 | D:9      | Reached XP level 10. HP: 64/73 MP: 20/20
  9437 | D:9      | Reached *** piety under Sif Muna
  9455 | D:9      | Noticed a two-headed ogre
  9465 | D:9      | Killed a two-headed ogre
  9466 | D:9      | Reached skill level 5 in Fighting
  9466 | D:9      | Reached skill level 5 in Short Blades
  9466 | D:9      | Reached skill level 5 in Long Blades
  9466 | D:9      | Reached skill level 5 in Axes
  9466 | D:9      | Reached skill level 5 in Maces & Flails
  9466 | D:9      | Reached skill level 5 in Polearms
  9466 | D:9      | Reached skill level 5 in Staves
  9466 | D:9      | Reached skill level 5 in Slings
  9466 | D:9      | Reached skill level 5 in Bows
  9466 | D:9      | Reached skill level 5 in Crossbows
  9466 | D:9      | Reached skill level 5 in Throwing
  9466 | D:9      | Reached skill level 5 in Armour
  9466 | D:9      | Reached skill level 5 in Shields
  9466 | D:9      | Reached skill level 5 in Unarmed Combat
  9466 | D:9      | Reached skill level 5 in Evocations
 10126 | D:9      | Found an ancient bone altar of Kikubaaqudgha.
 10454 | D:9      | Identified Sif Muna's Collected Works on Contamination and
                  | the Traveller
 10652 | D:10     | Entered Level 10 of the Dungeon
 10658 | D:9      | Learned a level 2 spell: Swiftness
 10660 | D:9      | Learned a level 1 spell: Apportation
 10665 | D:9      | Learned a level 4 spell: Airstrike
 10835 | D:10     | Found a staircase to the Orcish Mines.
 11106 | D:10     | Noticed a salamander
 11111 | D:10     | Killed a salamander
 11304 | D:10     | Found a runed translucent door.
 11460 | D:10     | Found a runed translucent door.
 11460 | D:10     | Noticed a cyclops
 11462 | D:10     | Noticed a lich
 11462 | D:10     | Noticed an ogre mage
 11463 | D:10     | Noticed a moth of wrath
 11463 | D:10     | a cyclops changed into a moth of wrath
 11695 | D:10     | Reached **** piety under Sif Muna
 11749 | D:10     | You fall into a shaft and drop 2 floors!
 11751 | D:12     | Noticed a manticore
 11752 | D:12     | Noticed a cyclops
 11755 | D:12     | Noticed a six-headed hydra
 11759 | D:11     | Found a staircase to the Lair.
 11768 | D:11     | Reached XP level 11. HP: 58/81 MP: 7/22
 11991 | D:11     | Noticed a rakshasa
 11991 | D:11     | Noticed a red ugly thing
 11992 | D:11     | Noticed a fire dragon
 11992 | D:11     | Noticed a deep elf mage
 11993 | D:11     | Noticed a two-headed ogre
 11994 | D:11     | Found a runed translucent door.
 12036 | D:11     | Noticed a two-headed ogre
 12045 | D:11     | Killed a two-headed ogre
 12046 | D:11     | Reached skill level 5 in Conjurations
 12046 | D:11     | Reached skill level 5 in Hexes
 12046 | D:11     | Reached skill level 5 in Summonings
 12046 | D:11     | Reached skill level 5 in Necromancy
 12046 | D:11     | Reached skill level 5 in Translocations
 12046 | D:11     | Reached skill level 5 in Transmutations
 12046 | D:11     | Reached skill level 5 in Fire Magic
 12046 | D:11     | Reached skill level 5 in Air Magic
 12046 | D:11     | Reached skill level 5 in Earth Magic
 12046 | D:11     | Reached skill level 5 in Poison Magic
 12253 | D:11     | Noticed a manticore
 12260 | D:11     | Killed a manticore
 12374 | D:11     | Killed an unseen horror
 12922 | D:10     | Noticed Grum
 12940 | D:10     | Killed Grum
 12990 | D:10     | Noticed a skeletal warrior
 12995 | D:10     | Noticed a necromancer
 13058 | D:10     | Noticed a two-headed ogre
 13066 | D:10     | Killed a two-headed ogre
 13410 | D:12     | Noticed a purple ugly thing
 13693 | D:12     | Killed a purple ugly thing
 13696 | D:12     | Killed a six-headed hydra
 13973 | D:12     | Reached XP level 12. HP: 62/89 MP: 0/24
 14677 | D:12     | Found Tigaixu's Armour Shoppe.
 14688 | D:12     | Bought a +2 cloak of poison resistance for 296 gold pieces
 14688 | D:12     | Bought a +0 pair of gloves of archery for 184 gold pieces
 14736 | Lair:1   | Entered Level 1 of the Lair of Beasts
 14794 | Lair:1   | Reached ***** piety under Sif Muna
 14901 | Lair:1   | Identified Zoyt's Tome of the Frostbite and Shape Shifting
                  | (Sif Muna gifted it to you on level 1 of the Lair of
                  | Beasts)
 14901 | Lair:1   | Received a gift from Sif Muna
 15136 | Lair:1   | Noticed Joseph
 15151 | Lair:1   | Killed Joseph
 16122 | Lair:2   | Noticed a four-headed hydra
 16134 | Lair:2   | Killed a four-headed hydra
 16400 | Lair:2   | Found a staircase to the Swamp.
 17756 | Lair:3   | Found a staircase to the Snake Pit.
 17791 | Lair:3   | Reached XP level 13. HP: 98/98 MP: 4/26
 17797 | Lair:3   | Found a dark tunnel.
 17809 | Volcano  | Entered a volcano
 18544 | Lair:3   | Found a snail-covered altar of Cheibriados.
 20056 | Lair:4   | Reached skill level 10 in Ice Magic
 20063 | Lair:4   | Identified Tied's Grimoire of Dark Moulding
 20337 | Lair:4   | HP: 4/99 [polar bear (16)]
 21842 | Lair:5   | Found a viscous altar of Jiyva.
 21842 | Lair:5   | Found a staircase to the Slime Pits.
 22175 | Lair:6   | Entered Level 6 of the Lair of Beasts
 22188 | Lair:6   | Identified Ybickiwn's Papyrus of Damaging Stones (Sif Muna
                  | gifted it to you on level 6 of the Lair of Beasts)
 22188 | Lair:6   | Received a gift from Sif Muna
 22218 | Lair:6   | Reached skill level 10 in Spellcasting
 22857 | Lair:6   | HP: 4/99 [elephant (8)]
 22866 | Lair:6   | Slain by an elephant

Illustrated notes

Levels and vault maps discovered:
D:1:      minmay_arrival_widening_spiral_wide, layout_loops_ring,
          chequers_serial_rivers_micro_a
D:2:      layout_rooms, st_stairs_13, kennysheep_generic_room_5, uniq_sigmund,
          uniq_robin, uniq_jessica
D:3:      layout_rooms, serial_park_tiny_pond
D:4:      layout_rooms, gammafunk_temple_overflow_wave, grunt_ministairs_9
D:5:      layout_layer_cave
D:6:      layout_cave_pools, lemuel_doored_altar, minmay_temple_entry_crystal_x,
          amcnicky_altar_lugonu_corruption
D:7:      layout_rooms, serial_aquarium, aquarium_bridge_square
          [aquarium_subvault_balcony, aquarium_subvault_bridge,
          aquarium_subvault_wall, aquarium_subvault_bridge],
          aquarium_bridge_square [aquarium_subvault_window,
          aquarium_subvault_bridge, aquarium_subvault_balcony,
          aquarium_subvault_bridge], aquarium_window_1, aquarium_window_1,
          aquarium_view_2a, aquarium_view_2e, aquarium_balcony_double_4,
          lightli_church_of_beogh
D:8:      layout_rooms, grunt_temple_overflow_open, serial_rivers,
          chequers_serial_rivers_micro_d, chequers_serial_rivers_marsh,
          chequers_serial_rivers_small_3, chequers_serial_rivers_micro_b,
          chequers_serial_rivers_micro_e, chequers_serial_rivers_small_3,
          gup_ossuary_entry_pyramid, minmay_misc_feat_tiny
D:9:      layout_basic, kennysheep_mini_moat
D:10:     layout_gridville, david_orc_3, muffindrake_ghost_dual_entry, uniq_grum
D:11:     layout_roguey, david_lair_shrubbed, minmay_st_funbox,
          minmay_misc_feat_nine_boxes
D:12:     layout_cross, serial_shops, nicolae_shop_behind_doors, enter_bailey_3
Temple:   eino_temple_scatter_basement
Lair:1:   layout_hall_layers, special_room [special_room_bee], uniq_joseph
Lair:2:   layout_small_grid, skrybe_swamp_entry_bodies,
          nicolae_quartered_pool_super
Lair:3:   layout_loops_ring, minmay_snake_entry_guardpost_medium,
          nicolae_volcano_entry_batcave, roderic_batcave,
          kennysheep_snail_temple
Lair:4:   layout_gridlike
Lair:5:   layout_cave_shapes, dpeg_slime_entry_enclosed_altar,
          grunt_megastairs_1
Lair:6:   hangedman_lair_caniforms_friends, layout_gridlike,
          hangedman_lair_in_review, gammafunk_ghost_hive, wad_woods_road_05

Skill      XL: |  1  2  3  4  5  6  7  8  9 10 11 12 13 |
---------------+----------------------------------------+-----
Spellcasting   | 5 6 7 8 9 10 | 10.0
Invocations    | 1 2 3 4 5 6 7 8 9 |  9.5
Fighting       | 1 2 3 4 5 6 7 8 |  8.7
Short Blades   | 1 2 3 4 5 6 7 8 |  8.7
Long Blades    | 1 2 3 4 5 6 7 8 |  8.7
Axes           | 1 2 3 4 5 6 7 8 |  8.7
Maces & Flails | 1 2 3 4 5 6 7 8 |  8.7
Polearms       | 1 2 3 4 5 6 7 8 |  8.7
Staves         | 1 2 3 4 5 6 7 8 |  8.7
Slings         | 1 2 3 4 5 6 7 8 |  8.7
Bows           | 1 2 3 4 5 6 7 8 |  8.7
Crossbows      | 1 2 3 4 5 6 7 8 |  8.7
Throwing       | 1 2 3 4 5 6 7 8 |  8.7
Armour         | 1 2 3 4 5 6 7 8 |  8.7
Shields        | 1 2 3 4 5 6 7 8 |  8.7
Unarmed Combat | 1 2 3 4 5 6 7 8 |  8.7
Evocations     | 1 2 3 4 5 6 7 8 |  8.7
Conjurations   | 1 2 3 4 5 6 7 |  7.2
Hexes          | 1 2 3 4 5 6 7 |  7.2
Summonings     | 1 2 3 4 5 6 7 |  7.2
Necromancy     | 1 2 3 4 5 6 7 |  7.2
Translocations | 1 2 3 4 5 6 7 |  7.2
Transmutations | 1 2 3 4 5 6 7 |  7.2
Fire Magic     | 1 2 3 4 5 6 7 |  7.2
Air Magic      | 1 2 3 4 5 6 7 |  7.2
Earth Magic    | 1 2 3 4 5 6 7 |  7.2
Poison Magic   | 1 2 3 4 5 6 7 |  7.2
Dodging        | 5 6 7 8 9 |  9.9
Stealth        | 5 6 7 8 9 |  9.7
Ice Magic      | 8 9 10 | 10.2

Action                   |  1- 3 |  4- 6 |  7- 9 | 10-12 | 13-15 || total
-------------------------+-------+-------+-------+-------+-------++-------
Melee: Dagger            |    59 |    78 |       |       |       ||   137
       Short sword       |     4 |       |       |       |       ||     4
       Bite              |     4 |     4 |    34 |    53 |    22 ||   117
       Trident           |       |     2 |   406 |   400 |     6 ||   814
       Punch             |       |       |     9 |    18 |     1 ||    28
       Glaive            |       |       |       |       |   150 ||   150
 Fire: Arbalest          |       |       |       |       |    21 ||    21
 Cast: Freeze            |    21 |     7 |       |     2 |     1 ||    31
       Frozen Ramparts   |     1 |    15 |    21 |    31 |    16 ||    84
       Ozocubu's Armour  |     1 |     1 |       |       |       ||     2
       Hailstorm         |       |     1 |     7 |    49 |    13 ||    70
       Summon Ice Beast  |       |       |    26 |    78 |    31 ||   135
       Airstrike         |       |       |       |       |    25 ||    25
Invok: Channel Magic     |       |       |     1 |     8 |     3 ||    12
Evoke: Condenser vane    |       |       |       |       |     1 ||     1
  Use: Potion            |       |     1 |     2 |       |     6 ||     9
       Scroll            |       |       |    13 |     9 |     2 ||    24
 Stab: Sleeping          |     6 |     4 |    20 |    14 |     6 ||    50
       Distracted        |       |       |     2 |     2 |     1 ||     5
       Petrified         |       |       |       |       |     1 ||     1
Armor: Robe              |    23 |    28 |    47 |       |       ||    98
       Leather armour    |       |       |    26 |   115 |    85 ||   226
Dodge: Dodged            |    59 |    81 |   292 |   460 |   192 ||  1084

Table legend: (Time is in decaauts)
 A = Elapsed time spent in this place.
 B = Non-inter-level travel time spent in this place.
 C = Inter-level travel time spent in this place.
 D = Time resting spent in this place.
 E = Time spent auto-exploring this place.
 F = Levels seen in this place.
 G = Mean time per level.
                   A        B        C        D        E       F      G
               +--------+--------+--------+--------+--------+-----+--------+
         Total |  22983 |  22348 |    635 |   2256 |  16449 |  21 | 1094.4 |
       Dungeon |  14173 |  13680 |    493 |   1817 |   9564 |  12 | 1181.1 |
        Temple |    103 |     90 |     13 |      0 |     88 |   1 |  103.0 |
          Lair |   7535 |   7408 |    127 |    306 |   6118 |   6 | 1255.8 |
       Ossuary |    499 |    499 |      0 |      0 |    297 |   1 |  499.0 |
       Volcano |    670 |    670 |      0 |    133 |    382 |   1 |  670.0 |
               +--------+--------+--------+--------+--------+-----+--------+

Top non-repeatable levels by time:
  Lair:3: 1826 daAuts
    D:10: 1789 daAuts
     D:1: 1716 daAuts
    D:11: 1601 daAuts
     D:9: 1522 daAuts
     D:5: 1492 daAuts
  Lair:2: 1480 daAuts
  Lair:1: 1350 daAuts
  Lair:4: 1239 daAuts
     D:6: 1238 daAuts
     D:7: 1170 daAuts
     D:2: 979 daAuts
  Lair:5: 940 daAuts
     D:3: 844 daAuts
  Lair:6: 700 daAuts
